 Dungeon Crawl Stone Soup version 0.31-a0-702-gf82c85558f (webtiles) character file.

Game seed: 8846870640572823881

477 qw the Shooter (level 7, -7/44 HPs)
             Began as a Gargoyle Hunter on Sept 8, 2023.
             Mangled by Edmund
             ... wielding a +6 flail of venom
              (12 damage)
             ... on level 5 of the Dungeon.
             The game lasted 00:01:34 (3850 turns).

qw the Shooter (Gargoyle Hunter)                    Turns: 3850, Time: 00:01:34

Health: -7/44      AC: 12    Str: 20    XL:     7   Next: 11%
Magic:  7/7        EV: 11    Int: 10    God:
Gold:   167        SH:  0    Dex: 12    Spells: 6/6 levels left

rFire   . . .        Y - +0 shortbow
rCold   + + +        (shield currently unavailable)
rNeg    + . .        h - +0 ring mail
rPois   inf          i - +0 helmet
rElec   +            (no cloak)
rCorr   .            g - +0 pair of gloves
SInv    .            (no boots)
Will    .....        (no amulet)
Stlth   ++           b - ring "Beidan" {rC+++ Str+6 Dex-3 Stlth+}
HPRegen 0.27/turn    (no ring)
MPRegen 0.10/turn

%: no passive effects
@: no status effects
A: sickness immunity, AC +4, negative energy resistance 1, electricity
resistance, torment resistance 1, petrification resistance
a: no special abilities


You were on level 5 of the Dungeon.
You visited 2 branches of the dungeon, and saw 6 of its levels.

You collected 167 gold pieces.


Innate Abilities, Weirdness & Mutations

You are immune to sickness and miasma.
Your stone body is resilient. (AC +4)
You are immune to poison.
You resist negative energy. (rN+)
You are resistant to electric shocks. (rElec)
You are resistant to unholy torment.
You are immune to petrification.


   Skills:
 - Level 4.8 Fighting
 - Level 7.0 Ranged Weapons
 + Level 1.6 Armour
 - Level 1.5 Dodging
 - Level 1.1 Stealth


You had 6 spell levels left.
You didn't know any spells.
Your spell library was empty.

Inventory:

Hand Weapons
 Y - a +0 shortbow (weapon)
Armour
 g - a +0 pair of gloves (worn)
 h - a +0 ring mail (worn)
 i - a +0 helmet (worn)
Jewellery
 b - the ring "Beidan" (left hand) {rC+++ Str+6 Dex-3 Stlth+}
   (You found it on level 2 of the Dungeon)

   [ring of strength]

   Str+6:     It affects your strength (+6).
   Dex-3:     It affects your dexterity (-3).
   rC+++:     It renders you almost immune to cold.
   Stlth+:    It makes you more stealthy.
Scrolls
 e - 2 scrolls of identify
Potions
 f - a potion of might

Dungeon Overview and Level Annotations

Branches:
Dungeon (5/15)             Temple (1/1) D:4

Altars:
Ashenzari
Cheibriados
Dithmenos
Elyvilon
Fedhas
Gozag
Hepliaklqana
Kikubaaqudgha
Makhleb
Nemelex Xobeh
Qazlal
Ru
Sif Muna
Trog
Uskayaw
Vehumet
Wu Jian
Xom
Yredelemnul
Zin
The Shining One

Annotations:
D:5 Edmund


Message History

Edmund is moderately wounded.
Edmund closely misses you.
Edmund hits you with a +6 flail of venom.
You shoot an arrow. The arrow hits Edmund.
Edmund is moderately wounded.
Edmund hits you with a +6 flail of venom.
You shoot an arrow. The arrow closely misses Edmund.
Edmund hits you with a +6 flail of venom.
You shoot an arrow.
The arrow hits Edmund but does no damage.
Edmund is moderately wounded.
Edmund closely misses you.
You shoot an arrow.
The arrow hits Edmund but does no damage.
Edmund is moderately wounded.
Edmund hits you but does no damage.
You shoot an arrow. The arrow hits Edmund.
Edmund is moderately wounded.
Edmund hits you with a +6 flail of venom!
You shoot an arrow.
The arrow hits Edmund but does no damage.
Edmund is moderately wounded.
Edmund hits you with a +6 flail of venom.
You shoot an arrow. The arrow barely misses Edmund.
Edmund hits you with a +6 flail of venom!
You shoot an arrow. The arrow barely misses Edmund.
Edmund closely misses you.
You shoot an arrow.
The arrow hits Edmund but does no damage.
Edmund is moderately wounded.
Edmund hits you but does no damage.
You shoot an arrow.
The arrow hits Edmund but does no damage.
Edmund is moderately wounded.
Edmund hits you with a +6 flail of venom.
Edmund hits you with a +6 flail of venom!
You shoot an arrow. The arrow barely misses Edmund.
Edmund hits you with a +6 flail of venom!
You die...
Edmund whines, "They better pay attention to me now!"

#. #. .# #. #####
..# #. #...# ...#
###. #...# ...# ...
#...# ...#
##.#####...####...##
#..@...'............
#.@#####...##.:.....
#.. ####...##.......
#.. #.....###.......
#.. #.....###....###
#..#......+<........
#..#......###....###
#..#......# #....#
#......# #....#


You could see Edmund.

Vanquished Creatures
  Menkaure (D:4)
  A phantom (D:4)
  An iguana (D:5)
  Natasha (thrice) (D:2)
  Robin (D:2)
  4 gnolls (D:4)
  3 adders
  An ufetubus (D:3)
  2 worms (D:2)
  2 dart slugs
  An orc (D:4)
  5 ball pythons
  7 bats
  3 endoplasms
  A giant cockroach (D:1)
  13 goblins
  10 hobgoblins
  10 jackals
  2 quokkas
  3 frilled lizards (D:2)
  6 kobolds
  6 rats
86 creatures vanquished.

Notes
Turn   | Place    | Note
-------+----------+-------------------------------------------
     0 | D:1      | qw the Gargoyle Hunter began the quest for the Orb.
     0 | D:1      | Reached XP level 1. HP: 12/12 MP: 1/1
     0 | D:1      | 0 ||| qw: Version: 0.3-a-76-g4403597
     0 | D:1      | 0 ||| qw: Game counter: 1024
     0 | D:1      | 0 ||| qw: Melee chars always use a shield: true
     0 | D:1      | 0 ||| qw: God list: Okawaru
     0 | D:1      | 0 ||| qw: Allow faded altars: false
     0 | D:1      | 0 ||| qw: Do Orc after clearing Dungeon:15 true
     0 | D:1      | 0 ||| qw: Do second Lair branch before Depths: true
     0 | D:1      | 0 ||| qw: Lair rune preference: random
     0 | D:1      | 0 ||| qw: Goals: Normal
     0 | D:1      | 0 ||| PLANNING D:1-11
   168 | D:1      | Reached XP level 2. HP: 17/17 MP: 2/2
   427 | D:1      | Reached XP level 3. HP: 21/21 MP: 3/3
   573 | D:1      | 573 ||| READING scroll labelled VUOGAS BUNI.
   574 | D:1      | 574 ||| READING 4 scrolls labelled CAWOAR RORIEWA.
   575 | D:1      | 575 ||| READING 3 scrolls of identify.
   575 | D:1      | 575 ||| IDENTIFYING sapphire potion
   576 | D:1      | 576 ||| DROPPING scroll of butterflies.
   608 | D:2      | 608 ||| STAIRDANCE
   623 | D:2      | Reached skill level 5 in Ranged Weapons
   629 | D:2      | 629 ||| STAIRDANCE
   800 | D:2      | Noticed Natasha
   804 | D:2      | Killed Natasha
   805 | D:2      | Reached skill level 3 in Fighting
   805 | D:2      | Reached XP level 4. HP: 17/28 MP: 4/4
   805 | D:2      | 805 ||| FLEEEEING.
   806 | D:2      | 806 ||| FLEEEEING.
   807 | D:2      | 807 ||| FLEEEEING.
   808 | D:2      | 808 ||| FLEEEEING.
   809 | D:2      | 809 ||| FLEEEEING.
   810 | D:2      | 810 ||| FLEEEEING.
   811 | D:2      | 811 ||| FLEEEEING.
   812 | D:2      | 812 ||| FLEEEEING.
   813 | D:2      | 813 ||| FLEEEEING.
   814 | D:2      | 814 ||| FLEEEEING.
   815 | D:2      | 815 ||| FLEEEEING.
   816 | D:2      | 816 ||| FLEEEEING.
   817 | D:2      | 817 ||| FLEEEEING.
   818 | D:2      | 818 ||| FLEEEEING.
   820 | D:2      | 820 ||| FLEEEEING.
   821 | D:2      | 821 ||| FLEEEEING.
   822 | D:2      | 822 ||| FLEEEEING.
   823 | D:2      | 823 ||| FLEEEEING.
   824 | D:2      | 824 ||| FLEEEEING.
   825 | D:2      | 825 ||| FLEEEEING.
   826 | D:2      | 826 ||| FLEEEEING.
   827 | D:2      | 827 ||| FLEEEEING.
   828 | D:2      | 828 ||| FLEEEEING.
   829 | D:2      | 829 ||| FLEEEEING.
   830 | D:2      | 830 ||| FLEEEEING.
   831 | D:2      | 831 ||| FLEEEEING.
   832 | D:2      | 832 ||| FLEEEEING.
   833 | D:2      | 833 ||| FLEEEEING.
   834 | D:2      | 834 ||| FLEEEEING.
   835 | D:2      | 835 ||| FLEEEEING.
   836 | D:2      | 836 ||| STAIRDANCE
  1002 | D:2      | Identified the ring "Beidan" {rC+++ Str+6 Dex-3 Stlth+}
  1081 | D:2      | 1081 ||| FLEEEEING.
  1091 | D:2      | 1091 ||| FLEEEEING.
  1092 | D:2      | 1092 ||| FLEEEEING.
  1110 | D:2      | Noticed Natasha
  1121 | D:2      | HP: 3/28 [Natasha (7)]
  1122 | D:2      | Killed Natasha
  1123 | D:2      | Reached XP level 5. HP: 4/32 MP: 5/5
  1236 | D:2      | Noticed Robin
  1251 | D:2      | Killed Robin
  1369 | D:2      | Noticed Natasha
  1374 | D:2      | Killed Natasha
  1497 | D:2      | Reached skill level 6 in Ranged Weapons
  1732 | D:2      | 1732 ||| UPGRADING to +0 pair of gloves.
  1737 | D:2      | 1737 ||| UPGRADING to +0 ring mail.
  1747 | D:2      | 1747 ||| DROPPING +0 leather armour.
  1748 | D:2      | 1748 ||| UPGRADING to +0 helmet.
  1753 | D:2      | 1753 ||| DROPPING ring of magical power.
  1754 | D:2      | 1754 ||| UPGRADING to ring "Beidan" {rC+++ Str+6 Dex-3
                  | Stlth+}.
  1755 | D:2      | 1755 ||| READING 2 scrolls labelled ERUEMOETOE.
  1756 | D:2      | 1756 ||| READING 2 scrolls of identify.
  1756 | D:2      | 1756 ||| IDENTIFYING fuming emerald potion
  1757 | D:2      | 1757 ||| DROPPING potion of berserk rage.
  1758 | D:2      | 1758 ||| DROPPING scroll of fog.
  2625 | D:3      | 2625 ||| DROPPING scarf of shadows.
  2626 | D:3      | 2626 ||| READING scroll labelled WUYDIZ ETTY.
  2631 | D:3      | 2631 ||| READING scroll labelled IRUAFA TAOP.
  2632 | D:3      | 2632 ||| READING scroll labelled USKEUF PYIXT.
  2638 | D:4      | 2638 ||| STAIRDANCE
  2651 | D:3      | Reached skill level 1 in Armour
  2831 | D:4      | Noticed a phantom
  2858 | D:4      | Killed a phantom
  2859 | D:4      | Reached XP level 6. HP: 34/40 MP: 6/6
  2910 | D:4      | 2910 ||| Stepping ~*~*~tactically~*~*~ (outnumbered).
  2920 | D:4      | HP: 9/40 [gnoll/+0 halberd (11)]
  3075 | D:4      | Noticed Menkaure
  3079 | D:4      | 3079 ||| FLEEEEING.
  3104 | D:4      | HP: 4/40 [Menkaure (12)]
  3106 | D:4      | Killed Menkaure
  3107 | D:4      | Reached XP level 7. HP: 5/44 MP: 7/7
  3344 | D:4      | Found a staircase to the Ecumenical Temple.
  3345 | D:4      | 3345 ||| PLANNING TEMPLE
  3345 | D:4      | 3345 ||| DROPPING +1 hat.
  3346 | D:4      | 3346 ||| READING 3 scrolls of identify.
  3346 | D:4      | 3346 ||| IDENTIFYING fuming red potion
  3347 | D:4      | 3347 ||| DROPPING potion of attraction.
  3353 | Temple   | Entered the Ecumenical Temple
  3354 | Temple   | 3354 ||| PLANNING D:1-11
  3796 | D:5      | Entered Level 5 of the Dungeon
  3805 | D:5      | Reached skill level 7 in Ranged Weapons
  3832 | D:5      | Noticed Edmund
  3849 | D:5      | HP: 4/44 [Edmund/+6 flail of venom (8)]
  3850 | D:5      | Mangled by Edmund

Levels and vault maps discovered:
D:1:      dpeg_arrival_arbitrary_a, layout_rooms
D:2:      kennysheep_big_flooded_room, layout_loops_ring, uniq_robin,
          uniq_natasha
D:3:      layout_basic
D:4:      layout_loops_ring, minmay_temple_entry_enclosed_plants, corexii_shack,
          kennysheep_generic_room_11, uniq_menkaure
D:5:      minmay_spotlight, layout_basic, nicolae_overflow_hidden_temple,
          uniq_edmund
Temple:   roderic_octagonal_lattice_temple

Skill      XL: |  1  2  3  4  5  6  7 |
---------------+----------------------+-----
Ranged Weapons | 5 6 7 |  7.0
Fighting       | 3 4 |  4.8
Armour         | 1 |  1.6
Dodging        | |  1.5
Stealth        | |  1.1

Action                     |  1- 3 |  4- 6 |  7- 9 || total
---------------------------+-------+-------+-------++-------
   Fire: Shortbow          |    97 |   238 |    36 ||   371
    Use: Scroll            |     3 |     5 |     1 ||     9
 Armour: Leather armour    |    47 |    72 |       ||   119
         Ring mail         |       |    60 |    16 ||    76
  Dodge: Dodged            |    52 |   117 |     8 ||   177

Table legend:
 A = Non-vault XP
 B = Vault XP
 C = Vault XP percentage of total XP
 D = Non-vault monster count
 E = Vault monster count
 F = Vault count percentage of total count
                 A         B        C        D         E       F
            +---------+---------+-------+---------+---------+-------
      Total |     413 |     269 |  39.4 |      67 |      19 |  22.1
            +---------+---------+-------+---------+---------+-------
        D:1 |      36 |       0 |   0.0 |      21 |       0 |   0.0
        D:2 |     128 |      88 |  40.7 |      24 |      15 |  38.5
        D:3 |      23 |       0 |   0.0 |      11 |       0 |   0.0
        D:4 |     172 |     181 |  51.3 |       9 |       4 |  30.8
        D:5 |      54 |       0 |   0.0 |       2 |       0 |   0.0
            +---------+---------+-------+---------+---------+-------
